 Dungeon Crawl Stone Soup version 0.25.1-8-g42b30a86e7 (webtiles) character file.

Game seed: 16649808796550614467

35 hehateme the Skirmisher (level 3, 0/24 HPs)
             Began as a Kobold Berserker on Dec 5, 2020.
             Was a Follower of Trog.
             Succumbed to an adder's poison
             ... on level 2 of the Dungeon.
             The game lasted 00:03:51 (1788 turns).

hehateme the Skirmisher (Kobold Berserker)          Turns: 1788, Time: 00:03:52

Health: 0/24       AC:  3    Str: 15    XL:     3   Next: 55%
Magic:  3/3        EV: 15    Int:  8    God:    Trog [*.....]
Gold:   63         SH:  0    Dex: 14    Spells: 2/2 levels left

rFire    . . .     SeeInvis .     - Unarmed
rCold    . . .     Gourm    .   (shield restricted)
rNeg     . . .     Faith    .   a - +0 animal skin
rPois    .         Spirit   .   (helmet restricted)
rElec    .         Reflect  .   (no cloak)
rCorr    .         Harm     .   (no gloves)
MR       .....                  d - +0 pair of boots
Stlth    +.........             (no amulet)
HPRegen  0.08/turn              (no ring)
MPRegen  0.08/turn              (no ring)

@: lethally poisoned (0 -> -2), berserk cooldown, very slightly contaminated
A: small, horns 1, blurry vision 1, carnivore
a: Berserk, Renounce Religion


You were on level 2 of the Dungeon.
You worshipped Trog.
Trog was aware of your devotion.
You were full.

You visited 1 branch of the dungeon, and saw 2 of its levels.

You collected 63 gold pieces.

Inventory:

Missiles
 f - 49 arrows
 i - 28 stones (quivered)
 Q - 15 bolts
Armour
 a - a +0 animal skin (worn)
 d - a +0 pair of boots (worn)
 m - a cursed +0 helmet
Scrolls
 c - a scroll of blinking {unknown}
 g - a scroll of enchant weapon {unknown}
 h - a scroll of identify {unknown}
 k - a scroll of fear {unknown}
 n - a scroll of teleportation {unknown}
Potions
 j - a potion of invisibility
Comestibles
 e - 5 rations


   Skills:
 + Level 4.1 Fighting
 - Level 1.5 Armour
 - Level 2.4 Dodging
 + Level 3.7 Unarmed Combat


You had 2 spell levels left.
You didn't know any spells.
Your spell library was empty.

Dungeon Overview and Level Annotations

Branches:
Dungeon (2/15)

Altars:


Innate Abilities, Weirdness & Mutations

You are small and have problems with some larger weapons.
You are carnivorous and can eat meat at any time.
You have a pair of small horns on your head.
Scrolls take you a little longer to read.


Message History

You hit the hobgoblin.
* * * LOW HITPOINT WARNING * * *
You feel sick.
You take 1 damage, and have 2/24 hp.
You hit the hobgoblin. The hobgoblin barely misses you.
You hit the hobgoblin.
You kill the hobgoblin!
You flicker for a moment.
* * * LOW HITPOINT WARNING * * *
You feel sick.
You see here a hobgoblin corpse.
You take 1 damage, and have 1/24 hp.
Quiver which item? (- for none, * to show all) (? for menu, Esc to quit)
Okay, then.
There is a lethal amount of poison in your body!
Unknown command.
Unknown command.
There is a lethal amount of poison in your body!
You flicker back into view.
You die...

....'.............+....
.####.............##..#
.# ##########........#
.# ########†#####.. .#
#.............# ##
#.............#
#..(.......(..#
#...........(.#
#......†..@...#
#.............+
#.............#
####.............
###.####....... #.#
....... #.# ....... #.#
.......

Skill      XL: |  1  2  3 |
---------------+----------+-----
Fighting       | 4 |  4.1
Armour         | |  1.5
Dodging        | |  2.4
Unarmed Combat | |  3.7

Notes
Turn   | Place    | Note
-------+----------+-------------------------------------------
     0 | D:1      | hehateme the Kobold Berserker began the quest for the Orb.
     0 | D:1      | Reached XP level 1. HP: 14/14 MP: 1/1
   516 | D:1      | Reached XP level 2. HP: 14/19 MP: 2/2
  1594 | D:2      | Reached XP level 3. HP: 24/24 MP: 3/3
  1764 | D:2      | Reached skill level 4 in Fighting
  1771 | D:2      | Gained mutation: You are somewhat resistant to further
                  | mutation. [potion of mutation]
  1771 | D:2      | Gained mutation: You are dopey. (Int -2) [potion of
                  | mutation]
  1771 | D:2      | HP: 6/24 [poisoned by an adder]
  1773 | D:2      | Lost mutation: You are dopey. (Int -2) [potion of mutation]
  1773 | D:2      | Lost mutation: You are somewhat resistant to further
                  | mutation. [potion of mutation]
  1773 | D:2      | Gained mutation: Scrolls take you a little longer to read.
                  | [potion of mutation]
  1773 | D:2      | Gained mutation: You have a pair of small horns on your
                  | head. [potion of mutation]
  1776 | D:2      | HP: 4/24 [poisoned by an adder]
  1781 | D:2      | HP: 2/24 [poisoned by an adder]
  1788 | D:2      | Succumbed to an adder's poison

Table legend:
 A = Turns spent in this place as a percentage of turns spent in the entire game.
 B = Non-inter-level travel turns spent in this place as a percentage of non-inter-level travel turns spent in the entire game.
 C = Inter-level travel turns spent in this place as a percentage of turns spent in this place.
 D = Turns resting spent in this place as a percentage of non-inter-level travel turns spent in this place.
 E = Turns spent auto-exploring this place as a percentage of non-inter-level travel turns spent in this place.
 F = Non-inter-level travel turns spent in this place divided by the number of levels of this place that you've seen.
                   A       B       C       D       E      F
               +-------+-------+-------+-------+-------+----------------------
         Total | 100.0 | 100.0 |   1.6 |  16.4 |  67.0 | 880.0
       Dungeon | 100.0 | 100.0 |   1.6 |  16.4 |  67.0 | 880.0
               +-------+-------+-------+-------+-------+----------------------

Table legend:
 A = Kills in this place as a percentage of kills in entire the game.
 B = Kills by you in this place as a percentage of kills by you in the entire game.
 C = Kills by friends in this place as a percentage of kills by friends in the entire game.
 D = Other kills in this place as a percentage of other kills in the entire game.
 E = Experience gained in this place as a percentage of experience gained in the entire game.
 F = Experience gained in this place divided by the number of levels of this place that you have seen.
                   A       B       C       D       E      F
               +-------+-------+-------+-------+-------+----------------------
         Total | 100.0 | 100.0 |   N/A |   N/A | 100.0 |  25.5
       Dungeon | 100.0 | 100.0 |   N/A |   N/A | 100.0 |  25.5
               +-------+-------+-------+-------+-------+----------------------

Action                   || total
-------------------------++-------
Melee: Unarmed           ||    92
       Punch             ||     1
Throw: Stone             ||    33
Invok: Berserk           ||     4
  Use: Potion            ||     5
 Stab: Invisible         ||     1
  Eat: Chunk             ||    12
Armor: Animal skin       ||    14
Dodge: Dodged            ||    70

Vanquished Creatures
  An adder (D:2)
  2 dart slugs
  4 bats (D:1)
  A giant cockroach (D:1)
  A goblin (D:2)
  3 hobgoblins
  A quokka (D:2)
  2 frilled lizards
  6 kobolds
  3 rats
24 creatures vanquished. There were no monsters in sight!

Levels and vault maps discovered:
D:1:      minmay_arrival_stair_chambers, layout_loops_ring
D:2:      layout_basic, chequers_ecumenical_altar_simple, first_ration
